 Dungeon Crawl Stone Soup version 0.32-a0-558-g233958a4c4 (webtiles) character file.

Game seed: 14034354752041333660

484 kae the Firebug (level 6, -5/30 (32) HPs)
             Began as a Deep Elf Fire Elementalist on Mar 1, 2024.
             Slain by a wight
             ... wielding a +4 battleaxe
              (18 damage)
             ... on level 4 of the Dungeon.
             The game lasted 00:02:27 (4227 turns).

kae the Firebug (Deep Elf Fire Elementalist)        Turns: 4227, Time: 00:02:27

HP:   -5/30 (32)    AC:  5    Str:  5    XL:     6   Next: 88%
MP:   14/16         EV: 12    Int: 22    God:
Gold: 246           SH:  0    Dex: 15    Spells: 3/16 levels left

rFire   + . .        (no weapon)
rCold   . . .        (no shield)
rNeg    . . .        a - +0 robe
rPois   .            q - +2 helmet "Aseil" {rElec rF+ rCorr}
rElec   +            (no cloak)
rCorr   +            (no gloves)
SInv    .            (no boots)
Will    .....        (no amulet)
Stlth   ++           (no ring)
HPRegen 0.25/turn    (no ring)
MPRegen 0.15/turn

%: no passive effects
@: drained
A: no striking features
a: no special abilities


You were on level 4 of the Dungeon.
You visited 1 branch of the dungeon, and saw 5 of its levels.

You collected 246 gold pieces.


   Skills:
 - Level 2.4 Dodging
 - Level 2.4 Stealth
 + Level 5.6 Spellcasting
 + Level 4.0 Conjurations
 + Level 6.4 Fire Magic


You had 3 spell levels left.
You knew the following spells:

 Your Spells              Type           Power      Damage    Failure   Level
a - Foxfire               Conj/Fire      100%       2x1d9     1%          1
b - Scorch                Fire           68%        2d7       1%          2
c - Inner Flame           Hex/Fire       20%        N/A       8%          3
d - Volatile Blastmotes   Fire/Tloc      40%        2d13      8%          3
e - Flame Wave            Conj/Fire      29%        2d9       11%         4

Your spell library contained the following spells:

 Spells                   Type           Power      Damage    Failure   Level


Inventory:

Missiles
 h - 14 stones
 m - 4 curare-tipped darts {=f}
 n - 4 boomerangs
 x - 6 datura-tipped darts
Armour
 a - a +0 robe (worn)
 q - the +2 helmet "Aseil" (worn) {rElec rF+ rCorr}
   (You found it on level 2 of the Dungeon)

   rF+:       It protects you from fire.
   rElec:     It insulates you from electricity.
   rCorr:     It protects you from acid and corrosion.
Jewellery
 R - a ring of resist corrosion
   (You found it on level 3 of the Dungeon)
 S - a +6 ring of strength
   (You found it on level 3 of the Dungeon)
Wands
 y - a wand of flame (21)
   (You found it on level 4 of the Dungeon)
Scrolls
 d - a scroll of enchant weapon {unknown}
 f - a scroll of torment {unknown}
 i - 2 scrolls of teleportation {@r4}
 p - 3 scrolls of blinking {unknown}
 r - a scroll of brand weapon {unknown}
 s - 2 scrolls of poison {unknown}
 t - a scroll of noise {unknown}
 u - 2 scrolls of identify {@r1}
 w - a scroll of silence {unknown}
 z - a scroll of revelation {unknown}
Potions
 b - 2 potions of magic
 c - 2 potions of invisibility
 e - a potion of degeneration {unknown}
 g - 2 potions of heal wounds {@q2}
 j - 2 potions of curing {@q1}
 k - a potion of mutation {!q}
 l - 2 potions of brilliance
 o - 2 potions of might
 v - a potion of attraction {unknown}

Dungeon Overview and Level Annotations

Branches:
Dungeon (5/15) Zot: 25763
 Temple: D:4-7

Altars:

##################
...............z@#
.##....#########.#
.##....# #.#
.##....# #.#
.##....# #.#
.####### #.# .#
#.# ## #.# #.#


You could see a wight (combustible).


Message History

Confirm with . or Enter, or press ? or * to list all spells.
You conjure some foxfire!
The foxfire hits the quokka. x2
You kill the quokka!
There is an open door here.
Found a stone staircase leading down. 😎 MP[+1]
Your mp is fully restored (16).
p - 3 scrolls labelled IBLUESTRAPPY (gained 1)
There is a stone staircase leading down here.
Done exploring.
Done exploring.
Done exploring.
Done exploring.
There is a stone staircase leading down here.
You climb downwards.
There is a stone staircase leading up here.
There are monsters nearby!
Okay, then.
You see here a scroll labelled AKHLAM XOBB.
z - a scroll labelled AKHLAM XOBB The wight barely misses you.
The wight hits you with a +0 trident.
There is a stone staircase leading up, spattered with blood here. 😕 HP[-6]
You take 6 damage, and now have 26/32 hp.
The wight hits you from afar with a +4 spear.
You feel drained. The wight closely misses you.
You climb upwards.
There is a stone staircase leading down here. 😕 HP[-1]
You now have 31 max hp (-1).
Unknown command.
Unknown command.
Casting: Foxfire (safe; 1% risk of failure)
Confirm with . or Enter, or press ? or * to list all spells.
Flames lash the wight.
The wight's fire resistance burns away.
The wight hits you with a +0 trident.
The wight closely misses you. 😮 HP[-3] MP[-2]
You take 3 damage, and now have 22/31 hp.
You lost 2 mp, and now have 14/16 mp.
Casting: Scorch (safe; 1% risk of failure)
Confirm with . or Enter, or press ? or * to list all spells.
Flames lash the wight but do no damage.
The wight closely misses you. The wight hits you with a +0 trident!
* * * LOW HITPOINT WARNING * * *
😨 HP[-9] MP[-2]
You take 9 damage, and now have 13/31 hp.
MASSIVE DAMAGE!! (PAUSE)
You lost 2 mp, and now have 12/16 mp.
Casting: Scorch (safe; 1% risk of failure)
Confirm with . or Enter, or press ? or * to list all spells.
Flames lash the wight.
The wight is burned terribly!
You destroy the wight!
Your life force feels restored.
Your Conjurations skill increases to level 4! 😨 HP[+1] MP[-1]
You now have 32 max hp (+1).
You lost 1 mp, and now have 11/16 mp.
Casting: Scorch (safe; 1% risk of failure)
Confirm with . or Enter, or press ? or * to list all spells.
You can't see any susceptible monsters within range! (Use Z to cast anyway.)
Casting: Scorch (safe; 1% risk of failure)
Confirm with . or Enter, or press ? or * to list all spells.
You can't see any susceptible monsters within range! (Use Z to cast anyway.)
You start resting. 😮 HP[+3] MP[+2]
You regained 3 hp, and now have 17/32 hp.
You regained 2 mp, and now have 13/16 mp.
You start resting. 😮 HP[+5] MP[+3]
You regained 5 hp, and now have 22/32 hp.
Your mp is fully restored (16).
You start resting. 😕 HP[+5]
You regained 5 hp, and now have 27/32 hp.
You start resting. 😎 HP[+5]
Your hp is fully restored (32).
You climb downwards.
There is a stone staircase leading up, spattered with blood here.
The wight hits you with a +4 battleaxe!
Ouch! That really hurt!
* * * LOW HITPOINT WARNING * * *
You feel drained.
* * * LOW HITPOINT WARNING * * *
You climb upwards.
There is a stone staircase leading down, spattered with blood here. 😨 HP[-19]
You now have 30 max hp (-2).
You take 19 damage, and now have 13/30 hp.
MASSIVE DAMAGE!! (PAUSE) Unknown command.
Casting: Scorch (safe; 1% risk of failure)
Confirm with . or Enter, or press ? or * to list all spells.
Flames lash the wight.
The wight's fire resistance burns away.
The wight hits you with a +4 battleaxe!!
Ouch! That really hurt!
You die...

Skill      XL: |  1  2  3  4  5  6 |
---------------+-------------------+-----
Fire Magic     | 4 5 6 |  6.4
Conjurations   | 2 3 4 |  4.0
Spellcasting   | 4 5 |  5.6
Dodging        | |  2.4
Stealth        | |  2.4

Action                     |  1- 3 |  4- 6 || total
---------------------------+-------+-------++-------
  Melee: Unarmed           |    25 |       ||    25
   Cast: Foxfire           |    87 |    77 ||   164
         Scorch            |     9 |    26 ||    35
    Use: Scroll            |       |     8 ||     8
 Armour: Robe              |    18 |    23 ||    41
  Dodge: Dodged            |    20 |    31 ||    51

Levels and vault maps discovered:
D:1:      denvon_arrival_waterhouse, layout_rooms, shapermc_ecumenical_altar_gd,
          minmay_pentomino_v2
D:2:      layout_loops_ring, chequers_serial_rivers_marsh
D:3:      layout_loops_ring, minmay_misc_feat_chi
D:4:      layout_basic, kennysheep_cross_bottleneck
D:5:      layout_basic, lemuel_tele_altar, serial_shops, nicolae_shop_waterfront

Notes
Turn   | Place    | Note
-------+----------+-------------------------------------------
     0 | D:1      | kae the Deep Elf Fire Elementalist began the quest for the
                  | Orb.
     0 | D:1      | Reached XP level 1. HP: 10/10 MP: 6/6
     0 | D:1      | magus.rc [v1.11.3]
   171 | D:1      | Found a faded altar of an unknown god.
   224 | D:1      | Reached XP level 2. HP: 7/15 MP: 8/8
   657 | D:1      | Reached skill level 4 in Fire Magic
   716 | D:1      | Reached XP level 3. HP: 19/19 MP: 7/10
   977 | D:1      | Learned a level 2 spell: Scorch
   981 | D:1      | Learned a level 3 spell: Inner Flame
   994 | D:1      | Learned a level 3 spell: Volatile Blastmotes
  1220 | D:2      | Reached skill level 2 in Conjurations
  1754 | D:2      | Reached XP level 4. HP: 24/24 MP: 7/11
  1789 | D:2      | Reached skill level 4 in Spellcasting
  2099 | D:2      | Identified the +2 helmet "Aseil" {rElec rF+ rCorr}
  3031 | D:3      | Reached skill level 5 in Fire Magic
  3209 | D:4      | Noticed an ogre
  3223 | D:3      | Reached XP level 5. HP: 12/28 MP: 2/13
  3223 | D:3      | Killed an ogre
  3224 | D:3      | Reached skill level 3 in Conjurations
  3418 | D:4      | Reached skill level 5 in Spellcasting
  3418 | D:4      | Reached XP level 6. HP: 32/32 MP: 7/15
  3594 | D:4      | Reached skill level 6 in Fire Magic
  3804 | D:4      | Learned a level 4 spell: Flame Wave
  4138 | D:5      | Entered Level 5 of the Dungeon
  4151 | D:4      | Reached skill level 4 in Conjurations
  4227 | D:4      | Slain by a wight

Vanquished Creatures
  2 ogres
  A wight (D:4)
  An orc priest (D:4)
  A jelly (D:3)
  A hound (D:4)
  A sleepcap (D:3)
  4 adders
  5 dart slugs
  7 ribbon worms
  4 orcs (D:4)
  5 bats
  12 endoplasms
  A giant cockroach (D:4)
  6 goblins
  4 hobgoblins
  3 jackals (D:1)
  5 quokkas
  4 ball pythons
  5 frilled lizards
  8 kobolds
  3 rats
83 creatures vanquished.

Vanquished Creatures (collateral kills)
  3 foxfires (D:1)
3 creatures vanquished.

Vanquished Creatures (others)
  251 foxfires
251 creatures vanquished.

Grand Total: 337 creatures vanquished

Table legend:
 A = Non-vault XP
 B = Vault XP
 C = Vault XP percentage of total XP
 D = Non-vault monster count
 E = Vault monster count
 F = Vault count percentage of total count
                 A         B        C        D         E       F
            +---------+---------+-------+---------+---------+-------
      Total |     688 |       4 |   0.6 |      81 |       2 |   2.4
            +---------+---------+-------+---------+---------+-------
        D:1 |      54 |       4 |   6.9 |      27 |       2 |   6.9
        D:2 |      70 |       0 |   0.0 |      22 |       0 |   0.0
        D:3 |     217 |       0 |   0.0 |      10 |       0 |   0.0
        D:4 |     347 |       0 |   0.0 |      22 |       0 |   0.0
            +---------+---------+-------+---------+---------+-------

Skill      XL: |  1  2  3  4  5  6 |
---------------+-------------------+-----
Fire Magic     | 4 5 6 |  6.4
Conjurations   | 2 3 4 |  4.0
Spellcasting   | 4 5 |  5.6
Dodging        | |  2.4
Stealth        | |  2.4

Action                     |  1- 3 |  4- 6 || total
---------------------------+-------+-------++-------
  Melee: Unarmed           |    25 |       ||    25
   Cast: Foxfire           |    87 |    77 ||   164
         Scorch            |     9 |    26 ||    35
    Use: Scroll            |       |     8 ||     8
 Armour: Robe              |    18 |    23 ||    41
  Dodge: Dodged            |    20 |    31 ||    51

Illustrated notes

Table legend:
 A = Kills in this place as a percentage of kills in the entire game.
 B = Kills by you in this place as a percentage of kills by you in the entire game.
 C = Kills by friends in this place as a percentage of kills by friends in the entire game.
 D = Other kills in this place as a percentage of other kills in the entire game.
 E = Experience gained in this place as a percentage of experience gained in the entire game.
 F = Experience gained in this place divided by the number of levels of this place that you have seen.
                   A       B       C       D       E      F
               +-------+-------+-------+-------+-------+----------------------
         Total | 100.0 | 100.0 |   N/A |   N/A | 100.0 | 138.4
       Dungeon | 100.0 | 100.0 |   N/A |   N/A | 100.0 | 138.4
               +-------+-------+-------+-------+-------+----------------------

Table legend: (Time is in decaauts)
 A = Elapsed time spent in this place.
 B = Non-inter-level travel time spent in this place.
 C = Inter-level travel time spent in this place.
 D = Time resting spent in this place.
 E = Time spent auto-exploring this place.
 F = Levels seen in this place.
 G = Mean time per level.
                   A        B        C        D        E       F      G
               +--------+--------+--------+--------+--------+-----+--------+
         Total |   4235 |   4117 |    118 |     88 |   3402 |   5 |  847.0 |
       Dungeon |   4235 |   4117 |    118 |     88 |   3402 |   5 |  847.0 |
               +--------+--------+--------+--------+--------+-----+--------+

Top non-repeatable levels by time:
     D:1: 1245 daAuts
     D:2: 1185 daAuts
     D:4: 930 daAuts
     D:3: 865 daAuts
     D:5: 9 daAuts
